Workbook

Sheet About this Plan
A1: Plan Key
A2: Propensity | B2: Partner profile used for discovery and to identify strengths for IaaS adoption
A3: Training | B3: Key requiement for IaaS success and navigating partner programs
A4: Solution | B4: Map and score solutions based on existing factors
A5: IaaS GTM | B5: Summary of team, solutions, offering, and partnerships that the reseller will take to market
A6: Financial Plan | B6: 12 month period forecast for IaaS and added services
A7: Marketing | B7: Goal, activity, budget, funds and ROI summary
A8: IaaS Partner Program | B8: Summary of vendor partner programs, competecy, requirements and benefits

Sheet Snapshot
A1: Partner Name
A2: D&H Account #
A3: Primary Sales Rep
A4: Cloud Sales Rep
A6: IT Revenue
A7: Cloud Revenue
A8: Service Revenue
A10: # of Employees
A11: # of Sales Reps
A12: # of Technical Reps
A14: Geographic coverage (States):
A15: Define type of current customers:
... A33: Vendor #5

Sheet Summary
A1: Partner Name
A2: D&H Account #
A3: Primary Sales Rep
A4: Cloud Sales Rep
A6: Your Business
A7: IT Revenue
A8: Cloud Revenue
A9: Service Revenue
A10: # of Employees | B10: =Snapshot!B11 -> 0
A11: # of Sales Reps | B11: =Snapshot!B11 -> 0
A12: # of Technical Reps | B12: =Snapshot!B12 -> 0
A13: Geographic coverage (States) | B13: =Snapshot!B14 -> 0
A14: # of end users under managed services contract? | B14: =Snapshot!B19 -> 0
A15: Avg. MRR spend | B15: =Snapshot!B21 -> 0
A16: # of end users actively purchasing from reseller? | B16: =Snapshot!B18 -> 0
A17: Avg. end user seats | B17: =Snapshot!B16 -> 0
A19: Vertical
A20: Vertical #1
A22: Key Vendor
A23: Vendor #1
A24: Vendor #2
A25: Vendor #3
A26: Vendor #4
A27: Vendor #5
A29: Solution Focus
A30: Geographic coverage (States):
A31: Define type of current customers:
A32: Avg end user seats (size of clients):
... A49: Vendor #5

Sheet Training
A1: IaaS Training Curriculum and Commitment
A2: Vendor | B2: Sales Training | C2: Targeted Individuals | D2: Targeted Completion Date | E2: Achievement Date | F2: Exam | G2: Links/Notes
A3: D&H | B3: D&H for Azure
A4: Microsoft | B4: Review SWAY | F4: None | G4: https://sway.com/bhPYZSA0sVf9Oy85
A5: Microsoft | B5: Azure Introduction (Online 8-16 hours) | F5: AZ-900 | G5: https://docs.microsoft.com/en-us/learn/paths/azure-fundamentals/
A6: Nerdio | F6: None | G6: https://getnerdio.com/academy/
A7: Cloudcheckr | F7: None | G7: https://cloudcheckr.com/tutorials/
A12: Vendor | B12: Technical Training | C12: Targeted Individuals | D12: Targeted Completion Date | E12: Achievement Date | G12: Links/Notes
A13: Microsoft | B13: MTA: IT Infrastructure | G13: https://www.microsoft.com/en-us/learning/mta-it-infrastructure-certification.aspx
A14: Microsoft | B14: Architecting Microsoft Azure Solutions (online) | G14: https://www.edx.org/course/architecting-microsoft-azure-solutions-microsoft-dev205bx-3
A15: Nerdio | G15: https://getnerdio.com/academy/
A16: Cloudcheckr | G16: G3hq927XawA$

Sheet Solution Propensity
A1: Solution Propensity Market Review
A2: Solution | B2: Offers On-Premise | C2: Offers Consultation | D2: Offers Cloud | E2: Customer Requested | F2: Market Gap | G2: Recommended Focus
A3: Data Center Transformation
A4: Disaster Recovery
A5: Database Storage & Mgmt.
A6: Web Site & Applications
A7: Mobile Services
A8: VDI/Hosted Desktop
A9: Business Applications
A11: Key
A12: Offers On-Premise | B12: Partner currently offers this solution on-premise
A13: Offers Consultation | B13: Partner provides consultation for the solution
A14: Offers Cloud | B14: Partner is already offering cloud solution
A15: Customer Requested | B15: Partner has received inquiries from end users relevant to this solution
A16: Market Gap | B16: Predominant partner exists in their region offering this solution
A17: Recommended Focus | B17: Rank & identify top 3 solutions for focus based on results
A21: Other options may include:
A22: Big Data Analytics
A23: Storage Mgmt.
A24: VDI
A25: Blockchain
A26: Security
A27: App/Web Dev (Mobile)
A28: IoT

Sheet IaaS GTM
A2: Go-to Market Team
A3: Team Lead
A4: Rep #1
A5: Rep #2
A6: Rep #3
A7: Rep #4
A9: Certified Technical Team
A10: Team Lead
A11: Engineer #1
A12: Engineer #2
A13: Engineer #3
A14: Engineer #4
A16: What will be your go to tools and resources as you move into the IaaS market?
A17: Tools & Resources | B17: Primary | C17: Secondary? | D17: Average MRR
A18: Discovery & Assessment
A19: Architecture & Configuration
A20: Orchestration
A21: Migration
A22: Provision & Deploy
A23: Support
A24: Manage & Monitor
A26: 3rd Party Partners | B26: Primary | C26: Secondary | D26: Average MRR
A27: Security
A28: Compliance
A29: Networking
A30: Storage
A31: Backup/Disaster Recovery
A32: Virtualization
A33: App/Dev
A34: Database
A35: BI

Sheet  Financial Plan
A1: IaaS Financial Plan | B1: 1 | C1: 2 | D1: 3 | E1: 4 | F1: 5 | G1: 6 | H1: 7 | I1: 8 | J1: 9 | K1: 10 | L1: 11 | M1: 12 | N1: Total | O1: Control | P1: Growth Factor
A2: Clients | B2: =O2 -> 1 | C2: =(B2+$O$2)+($O$2*$P$2) -> 2.25 | D2: =(C2+$O$2)+($O$2*$P$2) -> 3.5 | E2: =(D2+$O$2)+($O$2*$P$2) -> 4.75 | F2: =(E2+$O$2)+($O$2*$P$2) -> 6 | G2: =(F2+$O$2)+($O$2*$P$2) -> 7.25 | H2: =(G2+$O$2)+($O$2*$P$2) -> 8.5 | I2: =(H2+$O$2)+($O$2*$P$2) -> 9.75 | J2: =(I2+$O$2)+($O$2*$P$2) -> 11 | ... M2: =(L2+$O$2)+($O$2*$P$2) -> 14.75 | O2: 1 | P2: 0.25
A3: IaaS MRR | B3: =(B2*$O$3) -> 5000 | C3: =(C2*$O$3)+(B3*$P$3) -> 12750 | D3: =(D2*$O$3)+(C3*$P$3) -> 21325 | E3: =(E2*$O$3)+(D3*$P$3) -> 30147.5 | F3: =(F2*$O$3)+(E3*$P$3) -> 39044.25 | G3: =(G2*$O$3)+(F3*$P$3) -> 47963.275 | H3: =(H2*$O$3)+(G3*$P$3) -> 56888.982 | I3: =(I2*$O$3)+(H3*$P$3) -> 65816.695 | J3: =(J2*$O$3)+(I3*$P$3) -> 74745.008 | ... M3: =(M2*$O$3)+(L3*$P$3) -> 101530.62 | N3: =SUM(B3:M3) -> 631486.88 | O3: 5000 | P3: 0.3
A4: IaaS Margin | B4: =B3*$O$4 -> 400 | C4: =C3*$O$4 -> 1020 | D4: =D3*$O$4 -> 1706 | E4: =E3*$O$4 -> 2411.8 | F4: =F3*$O$4 -> 3123.54 | G4: =G3*$O$4 -> 3837.062 | H4: =H3*$O$4 -> 4551.1186 | I4: =I3*$O$4 -> 5265.3356 | ... M4: =M3*$O$4 -> 8122.4492 | N4: =SUM(B4:M4) -> 50518.95 | O4: 0.08
A5: Services Rev | B5: =B3*$O$5 -> 6250 | C5: =(C2*$O$3)*$O$5 -> 14062.5 | D5: =(D2*$O$3)*$O$5 -> 21875 | E5: =(E2*$O$3)*$O$5 -> 29687.5 | F5: =(F2*$O$3)*$O$5 -> 37500 | G5: =(G2*$O$3)*$O$5 -> 45312.5 | H5: =(H2*$O$3)*$O$5 -> 53125 | I5: =(I2*$O$3)*$O$5 -> 60937.5 | J5: =(J2*$O$3)*$O$5 -> 68750 | ... M5: =(M2*$O$3)*$O$5 -> 92187.5 | N5: =SUM(B5:M5) -> 590625 | O5: 1.25
A6: Services Margin | B6: =B5*$O$6 -> 3125 | C6: =C5*$O$6 -> 7031.25 | D6: =D5*$O$6 -> 10937.5 | E6: =E5*$O$6 -> 14843.75 | F6: =F5*$O$6 -> 18750 | G6: =G5*$O$6 -> 22656.25 | H6: =H5*$O$6 -> 26562.5 | I6: =I5*$O$6 -> 30468.75 | ... M6: =M5*$O$6 -> 46093.75 | N6: =SUM(B6:M6) -> 295312.5 | O6: 0.5
A10: Financial Summary | B10: 1Q | C10: 2Q | D10: 3Q | E10: 4Q | F10: 12 Month
A11: Clients | B11: =D2 -> 3.5 | C11: =G2 -> 7.25 | D11: =J2 -> 11 | E11: =M2 -> 14.75 | F11: 29.5
A12: IaaS Rev | B12: =SUM(B3:D3) -> 39075 | C12: =SUM(E3:G3) -> 117155.02 | D12: =SUM(H3:J3) -> 197450.69 | E12: =SUM(K3:M3) -> 277806.17 | F12: =SUM(N3) -> 631486.88
A13: Services Rev | B13: =SUM(B5:D5) -> 42187.5 | C13: =SUM(E5:G5) -> 112500 | D13: =SUM(H5:J5) -> 182812.5 | E13: =SUM(K5:M5) -> 253125 | F13: =SUM(N5) -> 590625
A14: Total Rev | B14: =SUM(B12:B13) -> 81262.5 | C14: =SUM(C12:C13) -> 229655.02 | D14: =SUM(D12:D13) -> 380263.19 | E14: =SUM(E12:E13) -> 530931.17 | F14: =SUM(F12:F13) -> 1222111.9
A15: IaaS Margin | B15: =SUM(B4:D4) -> 3126 | C15: =SUM(E4:G4) -> 9372.402 | D15: =SUM(H4:J4) -> 15796.055 | E15: =SUM(K4:M4) -> 22224.493 | F15: =SUM(B15:E15) -> 50518.95
A16: Services Margin | B16: =SUM(B6:D6) -> 21093.75 | C16: =SUM(E6:G6) -> 56250 | D16: =SUM(H6:J6) -> 91406.25 | E16: =SUM(K6:M6) -> 126562.5 | F16: =SUM(B16:E16) -> 295312.5
A17: Total Margin | B17: =SUM(B15:B16) -> 24219.75 | C17: =SUM(C15:C16) -> 65622.402 | D17: =SUM(D15:D16) -> 107202.3 | E17: =SUM(E15:E16) -> 148786.99 | F17: =SUM(F15:F16) -> 345831.45
A18: Margin Rate | B18: =B17/B14 -> 0.29804338 | C18: =C17/C14 -> 0.28574338 | D18: =D17/D14 -> 0.28191608 | E18: =E17/E14 -> 0.28023782 | F18: =F17/F14 -> 0.28297855
A21: Marketing Allocation | B21: 1Q | C21: 2Q | D21: 3Q | E21: 4Q
A22: Total Margin | B22: =B17 -> 24219.75 | C22: =C17 -> 65622.402 | D22: =D17 -> 107202.3 | E22: =E17 -> 148786.99
A23: % Allocated to MKG | B23: 0.05 | C23: 0.1 | D23: 0.1 | E23: 0.15
A24: Marketing Budget | B24: =B22*B23 -> 1210.9875 | C24: =C22*C23 -> 6562.2402 | D24: =D22*D23 -> 10720.23 | E24: =E22*E23 -> 22318.049

Sheet Marketing
A1: Marketing Plan Forecast
A2: Qtr | B2: Solution | C2: 3rd Party | D2: Target | E2: # of Prospects | F2: # of Leads | G2: # of Opps | H2: # of Assessments | I2: # of Proposals | J2: # of Wins
A3: 1
A4: 2
A5: 3
A6: 4
A8: Marketing Plan
A9: Qtr | B9: Solution | C9: 3rd Party | D9: Marketing Activity | E9: Internal Budget | F9: Activity Cost | G9: Requested Funds
A10: 1
A11: 2
A12: 3
A13: 4
A15: Plan Results | F15: Actual Results
A16: Qtr | B16: Win Rate | C16: Avg MRR | D16: Total MRR | F16: Qtr | G16: Win Rate | H16: Avg MRR | I16: Total MRR
A17: 1 | F17: 1
A18: 2 | F18: 2
A19: 3 | F19: 3
A20: 4 | F20: 4
D22: ROI
D23: Qtr | E23: Total Spend | F23: Total Revenue
D24: 1
D25: 2
D26: 3
D27: 4

Sheet IMC Partner Program
A1: IaaS Tiered MRR Structure
A2: Monthly MRR | B2: Discount %
A3: < $10,000 | B3: NA
A4: $10,000 - $50,000 | B4: 0.01
A5: $50,000 - $100,000 | B5: 0.03
A6: $100,000 > | B6: 0.05
A7: *Note discount triggers in month following tieried achievement

Sheet IaaS Partner Program
A1: Microsoft Partner Network | B1: https://partner.microsoft.com/en-us
A2: Type:
A3: Tiers:
A4: Competencies:
A5: Program Fee:
A6: MRR Commit:
A7: Training Commit:
A8: Program Benefits:
